 Dungeon Sprint DCSS version 0.20.1-1-g8b1a95d (console) character file.

103 hilaritas the Skirmisher (level 4, -9/50 HPs)
             Began as a Troll Fighter on Dec 2, 2017.
             Mangled by a water elemental (12 damage)
             ... in the Dungeon (Sprint III: "The Ten Rune Challenge").
             The game lasted 00:01:19 (201 turns).

hilaritas the Skirmisher (Troll Fighter)             Turns: 201, Time: 00:01:19

Health: -9/50      AC:  5    Str: 24    XL:     4   Next: 51%
Magic:  3/3        EV:  9    Int:  7    God:
Gold:   17         SH:  9    Dex:  9    Spells: 3/3 levels left

rFire    . . .     SeeInvis .   (no weapon)
rCold    . . .     Gourm    +   c - +0 shield
rNeg     . . .     Faith    .   b - +0 robe
rPois    .         Spirit   .   (helmet restricted)
rElec    .         Reflect  .   (no cloak)
rCorr    .         Harm     .   (gloves unavailable)
MR       .....     NoTele   +   (boots unavailable)
Stlth    +.........             (no amulet)
Regen    0.6/turn               (no ring)
MPRegen  0.1/turn               (no ring)

@: engulfed (cannot breathe)
A: unfitting armour, claws 3, clever 1, fast metabolism 3, gourmand, mutation
resistance 1, regeneration 1, shaggy fur 1, tough skin 2
a: no special abilities


You were in the Dungeon.
You were not hungry.

You visited 1 branch You collected 17 gold pieces.

Inventory:

Hand Weapons
 a - a +0 flail
Armour
 b - a +0 robe (worn)
 c - a +0 shield (worn)
Scrolls
 k - a scroll of blinking
 l - a scroll of fear {unknown}
 m - a scroll of identify {unknown}
 n - 4 scrolls of remove curse
Potions
 d - a potion of might
 e - a potion of curing
 h - a potion of haste
 i - 2 potions of magic
 j - a potion of berserk rage
 p - a potion of agility {unknown}
 q - 4 potions of mutation
 s - 2 potions of flight
Comestibles
 f - 2 bread rations
 o - 3 fruits
 r - a royal jelly


   Skills:
 + Level 5.2 Fighting
 * Level 4.2 Maces & Flails
 - Level 2.4 Dodging
 + Level 5.2 Shields


You had 3 spell levels left.
You didn't know any spells.

Dungeon Overview and Level Annotations

Branches:
Dungeon (1/1)

Altars:


Innate Abilities, Weirdness & Mutations

You are too large for most types of armour.
You have claws for hands.
Your metabolism is lightning-fast.
You like to eat raw meat.
Your natural rate of healing is unusually fast.
You are covered in fur. (AC +1)
You have very tough skin. (AC +2)
Your mind is acute. (Int +2)
You are somewhat resistant to further mutation.


Message History

* * * LOW HITPOINT WARNING * * *
You scratch the water elemental.
The water elemental is severely damaged.
* * * LOW HITPOINT WARNING * * *
Your lungs strain for air!
The water elemental closely misses you.
You feel much better.
Your lungs strain for air!
The water elemental closely misses you.
You scratch the water elemental.
The water elemental is almost destroyed.
Your lungs strain for air!
The water elemental hits you!
* * * LOW HITPOINT WARNING * * *
You scratch the water elemental but do no damage.
The water elemental is almost destroyed.
* * * LOW HITPOINT WARNING * * *
Your lungs strain for air!
The water elemental hits you!
You die...

▓▓▓▓▓▓▓ ▓▓▓ ..#...####
##.# ..#..[...#####..#
.##.......#??#..#
#.##.##...#..#..###+#+##
#.##.###..##'#..#.......
.####.##..###...@E⌠.....
###..##.÷####...#...####
.....##..###....#.⌠.#
##..##...##.....#...#
#..##....#......#+###
..###..##.#.....# ..#
#..#####....# ▓▓▓ ▓▓▓▓
▓▓▓▓▓▓


You could see a water elemental.

Vanquished Creatures
  A scorpion (D)
  Jessica (D)
  A human (D)
  2 oozes (D)
  A rat (D)
6 creatures vanquished.

Vanquished Creatures (others)
  A draconian scorcher (D)
  A yaktaur (D)
  6 hellions (D)
8 creatures vanquished.

Grand Total: 14 creatures vanquished

Notes
Turn   | Place    | Note
-------+----------+-------------------------------------------
     0 | D        | hilaritas the Troll Fighter began the quest for the Orb.
     0 | D        | Reached XP level 1. HP: 22/22 MP: 0/0
    15 | D        | Reached XP level 2. HP: 26/31 MP: 1/1
    38 | D        | Noticed Jessica
    44 | D        | Killed Jessica
    44 | D        | Reached XP level 3. HP: 9/39 MP: 2/2
   105 | D        | Killed a hellion
   114 | D        | Killed a hellion
   117 | D        | Noticed a scorpion
   119 | D        | Killed a yaktaur
   126 | D        | Killed a white draconian scorcher
   140 | D        | Killed a hellion
   140 | D        | Killed a hellion
   141 | D        | Killed a hellion
   142 | D        | Killed a scorpion
   142 | D        | Reached skill level 5 in Fighting
   142 | D        | Reached skill level 5 in Shields
   142 | D        | Reached XP level 4. HP: 41/50 MP: 3/3
   175 | D        | Killed a hellion
   182 | D        | Gained mutation: You have a pair of small horns on your head. [potion of mutation]
   182 | D        | Gained mutation: You can translocate small distances at will. [potion of mutation]
   183 | D        | Lost mutation: You can translocate small distances at will. [potion of mutation]
   183 | D        | Lost mutation: You have a pair of small horns on your head. [potion of mutation]
   183 | D        | Gained mutation: You are somewhat resistant to further mutation. [potion of mutation]
   183 | D        | Gained mutation: Your mind is acute. (Int +2) [potion of mutation]
   192 | D        | Noticed a water elemental
   201 | D        | HP: 2/50 [drowned by a water elemental (8)]
   201 | D        | Mangled by a water elemental

Skill      XL: |  1  2  3 |
---------------+----------+-----
Fighting       | 3 4 5 |  5.2
Maces & Flails | 2 3 4 |  4.2
Shields        | 3 4 5 |  5.2
Dodging        | |  2.4

Action                   |  1- 3 |  4- 6 || total
-------------------------+-------+-------++-------
Melee: Unarmed           |    31 |     7 ||    38
  Use: Scroll            |     1 |       ||     1
       Potion            |       |     3 ||     3
  Eat: Chunk             |     1 |       ||     1
Armor: Robe              |     4 |       ||     4
Dodge: Dodged            |     9 |     3 ||    12
Block: Shield            |    13 |     2 ||    15
